[Event "Live Chess"]
[Site "Chess.com"]
[Date "2023.05.21"]
[Round "-"]
[White "YrrriKharkiv"]
[Black "Tushinskiy"]
[Result "0-1"]
[WhiteElo "2056"]
[BlackElo "2187"]
[TimeControl "300"]
[EndTime "3:24:04 PDT"]
[Termination "Tushinskiy won by resignation"]

1. d4 d5 2. c4 c6 3. cxd5 cxd5 4. Bf4 Nc6 5. Nc3 Nf6 6. Nf3 e6 7. e3 Bd6 8. Bxd6 Qxd6 9. Bd3 a6 10. O-O b5 11. Rc1 Bb7 12. Qe2 e5 13. dxe5 Nxe5 14. Nxe5 Qxe5 15. f4 Qe7 16. Rfe1 O-O 17. e4 dxe4 18.
Nxe4 Nxe4 19. Bxe4 Bxe4 20. Qxe4 Qf6 21. Qe5 Qb6+ 22. Qe3 Qa5 23. a3 h6 24. Qc3 Qb6+ 25. Qe3 Qf6 26. Qe5 Qg6 27. f5 Qg5 28. Rf1 Rae8 29.
Qf4 Qf6 30. Qf2 Re5 31. Rce1 Rfe8 32. Rxe5 Rxe5 33. Qd4 a5 34. Qc3 Qb6+ 35. Kh1 Rc5 36. Qe3 Qc6 37. Re1 Rxf5 38. h3 Kh7 39. Rc1 Qf6 40. Qd3 g6 41. Kg1 Qxb2 42. Qc3 Qxc3 43. Rxc3 b4 44. axb4 axb4 45. Rb3 Rb5 46. Kf2 f5 47.
Ke3 g5 48. Kd4 Kg6 49. Kc4 Rb8 50. g4 fxg4 51. hxg4 h5 52. gxh5+ Kxh5 53. Rh3+ Kg4 54. Rh1 b3 0-1

[Event "Live Chess"]
[Site "Chess.com"]
[Date "2023.05.21"]
[Round "-"]
[White "gmnorfolk"]
[Black "Berdgross"]
[Result "1-0"]
[WhiteElo "2124"]
[BlackElo "670"]
[TimeControl "300"]
[EndTime "3:24:04 PDT"]
[Termination "gmnorfolk won by checkmate"]

1. d4 d5 2. c4 dxc4 3. e4 e6 4.
Bxc4 Nc6 5. Nf3 Nf6 6. Nc3 Bb4 7. e5 Ne4 8. Qd3 Nxc3 9. bxc3 Be7 10. O-O a6 11. Bf4 h6 12. Bb3 O-O 13. Bc2 Bd7 14. Qh7# 1-0

[Event "Live Chess"]
[Site "Chess.com"]
[Date "2023.05.21"]
[Round "-"]
[White "Purple1szed"]
[Black "MarkLim1"]
[Result "1-0"]
[WhiteElo "1830"]
[BlackElo "1701"]
[TimeControl "300"]
[EndTime "3:24:17 PDT"]
[Termination "Purple1szed won by resignation"]

1. e4 e6 2. c4 d5 3. cxd5 exd5 4. exd5 Nf6 5. Nf3 Be7 6. Be2 O-O 7. O-O Nbd7 8. Nc3 Nb6 9. d4 Nbxd5 10. Re1 c6 11. Nxd5 Nxd5 12. Qb3 Qb6 13. Bc4 Qxb3 14. Bxb3 Bf6 15. Be3 Be6 16. h3 Rad8 17. Bc2 h6 18.
a3 Ne7 19. Rad1 Bd5 20. Ne5 Nc8 21. f3 Nb6 22. Bd3 Rfe8 23. Bf4 Bb3 24. Rd2 Nc4 25. Bxc4 Bxc4 26. Kf2 Bd5 27. Ng4 Bg5 28. Bxg5 hxg5 29. Rde2 Kf8 30. Rxe8+ Rxe8 31. Rxe8+ Kxe8 32. Ke3 Ke7 33. Ne5 f6 34. Nd3 b6 35. Nb4 Ke6 36. g3 g6 37. f4 gxf4+ 38. Kxf4 g5+ 39. Kg4 Kd6 40. Kf5 Be6+ 41. Kxf6 Bxh3 42. Kxg5 c5 43. dxc5+ bxc5 44. Nd3 Kd5 45. g4 c4 46. Nf4+ Kd4 47. Nxh3 1-0

[Event "Live Chess"]
[Site "Chess.com"]
[Date "2023.05.21"]
[Round "-"]
[White "TheSmoulderingMaster"]
[Black "Greenbecker"]
[Result "0-1"]
[WhiteElo "1688"]
[BlackElo "1657"]
[TimeControl "300"]
[EndTime "3:24:19 PDT"]
[Termination "Greenbecker won by resignation"]

1. e4 e6 2. d4 d5 3. Nc3 dxe4 4. Nxe4 Bd7 5. Nf3 Bc6 6. Bd3 Nd7 7. O-O Ngf6 8. Bg5 Be7 9. Bxf6 Nxf6 10. c3 Nxe4 11. Bxe4 Bxe4 12. Ne5 Bd6 13. Qh5 g6 14. Qh6 Qf6 15. f4 Bf5 16. g4 Bf8 17. Qh3 Be4 18. Rae1 Bc6 19. f5 gxf5 20. gxf5 Rg8+ 21. Ng4 Qg5 22. fxe6 Qxg4+ 23. Qxg4 Rxg4+ 24. Kf2 0-1

[Event "Live Chess"]
[Site "Chess.com"]
[Date "2023.05.21"]
[Round "-"]
[White "peter-785"]
[Black "Richardallis"]
[Result "0-1"]
[WhiteElo "1183"]
[BlackElo "1865"]
[TimeControl "300"]
[EndTime "3:24:20 PDT"]
[Termination "Richardallis won by resignation"]

1. e4 d5 2. exd5 Nf6 3. Nc3 Nxd5 4. Nxd5 Qxd5 5. b3 Qe5+ 6. Qe2 Qxa1 7. Kd1 e6 8. Qb5+ c6 9. Qg5 h6 10. Qg3 Ba3 11.
Qc7 Qxc1+ 12. Ke2 Nd7 13. Nf3 Qxc2 14. Nd4 Qe4+ 15. Kd1 Qxd4 16. Be2 Qxf2 17. Re1 O-O 18. Qa5 Qc5 0-1

[Event "Live Chess"]
[Site "Chess.com"]
[Date "2023.05.21"]
[Round "-"]
[White "lateforthesky"]
[Black "garyjc"]
[Result "1-0"]
[WhiteElo "2106"]
[BlackElo "1045"]
[TimeControl "300"]
[EndTime "3:24:26 PDT"]
[Termination "lateforthesky won by resignation"]

1. e4 c5 2. d4 cxd4 3. c3 dxc3 4. Nxc3 Nc6 5. Nf3 g6 6. Bc4 Bg7 7. O-O d6 8. Qe2 Nf6 9. Rd1 O-O 10. Bg5 a6 11. e5 Nd7 12. exd6 exd6 13. Bxd8 1-0

[Event "Live Chess"]
[Site "Chess.com"]
[Date "2023.05.21"]
[Round "-"]
[White "BJAW87"]
[Black "Duke_of_Bebington"]
[Result "1-0"]
[WhiteElo "1449"]
[BlackElo "1577"]
[TimeControl "300"]
[EndTime "3:24:29 PDT"]
[Termination "BJAW87 won by checkmate"]

1. e4 e5 2. Nc3 Nf6 3. f4 d6 4. fxe5 dxe5 5. Nf3 Nc6 6. Bc4 Bd6 7. O-O O-O 8. d3 a6 9. Ng5 h6 10. Nxf7 Rxf7 11. Bxf7+ Kxf7 12. Qh5+ Kg8 13. Qg6 Qe8 14. Rxf6 Qxg6 15. Rxg6 Nd4 16. Bxh6 Bf8 17. Nd5 Kh8 18. Bd2 Nxc2 19. Rc1 Nd4 20. Rxc7 Be6 21. Nb6 Rd8 22. Na4 Bxa2 23. Nc5 Bg8 24. Nxb7 Rb8 25. Bc3 Ne2+ 26. Kf1 Nf4 27. Rxa6 Nxd3 28. Nd6 Bh7 29. Nf7+ Kg8 30. Nxe5 Bxe4 31. Nd7 Rd8 32. Nxf8 Rxf8+ 33. Ke2 Nf4+ 34. Ke3 Nd5+ 35. Kxe4 Nxc7 36. Ra7 Rf7 37. Be5 Re7 38. Rxc7 Rxc7 39. Bxc7 Kf7 40. Kd5 Ke7 41. Kc6 g5 42. b4 Ke6 43. b5 Kf5 44. b6 g4 45. b7 Ke4 46. b8=Q g3 47. Bxg3 Ke3 48.
Qe5+ Kd2 49. Bf4+ Kd1 50. h4 Kc2 51. h5 Kd1 52. h6 Kc2 53. h7 Kd1 54. h8=Q Kc2 55.
Qh7+ Kd1 56. Qd4+ Ke1 57. Bg3+ Kf1 58. Qdd3+ Kg1 59. Qb1+ Kxg2 60. Qh2+ Kf3 61. Qd3+ Kg4 62. Qe4+ Kg5 63. Qhh4# 1-0

[Event "Live Chess"]
[Site "Chess.com"]
[Date "2023.05.21"]
[Round "-"]
[White "JohanKjeldahl"]
[Black "WilliamofOrange16th"]
[Result "1/2-1/2"]
[WhiteElo "1892"]
[BlackElo "1873"]
[TimeControl "300"]
[EndTime "3:24:40 PDT"]
[Termination "Game drawn by agreement"]

1. c4 e5 2. Nc3 Nc6 3. e3 Nf6 4. Nf3 e4 5. Ng5 Qe7 6. Be2 h6 7. Nh3 d6 8. Nf4 g5 9. Nfd5 Nxd5 10. Nxd5 Qd8 11. d4 Bg7 12. b3 O-O 13. Bb2 f5 14. Qc2 Ne7 15. Rc1 c6 16. Nxe7+ Qxe7 17. d5 c5 18. Bxg7 Qxg7 19. Qc3 Bd7 20. Qxg7+ Kxg7 21. h4 Kg6 22. hxg5 hxg5 23. Kd2 Rh8 24. g3 1/2-1/2

[Event "Live Chess"]
[Site "Chess.com"]
[Date "2023.05.21"]
[Round "-"]
[White "apl_trainer"]
[Black "Sweet-O"]
[Result "1-0"]
[WhiteElo "1772"]
[BlackElo "1423"]
[TimeControl "300"]
[EndTime "3:24:47 PDT"]
[Termination "apl_trainer won by checkmate"]

1. d4 e6 2. c4 c5 3. d5 Be7 4. Nc3 Nf6 5. e4 d6 6. f4 O-O 7. Nf3 Nbd7 8. Bd3 e5 9. f5 Ng4 10. O-O Ndf6 11. h3 Nh6 12. g4 Nd7 13. g5 Kh8 14.
gxh6 gxh6 15. Kh2 h5 16. Rg1 Nf6 17. Bh6 Rg8 18. Qd2 h4 19. Ng5 Qe8 20. Rg2 Nh5 21. Ne2 f6 22. Ne6 Rxg2+ 23. Kxg2 Qg8+ 24. Kh2 Bxe6 25. Rg1 Qd8 26. dxe6 Qb6 27. b3 a5 28. Nc3 Bf8 29. Bxf8 Rxf8 30. Qh6 Rg8 31. Rxg8+ Kxg8 32. Qxh5 Qb4 33. Qf7+ Kh8 34. Qf8# 1-0

[Event "Live Chess"]
[Site "Chess.com"]
[Date "2023.05.21"]
[Round "-"]
[White "f4nomore"]
[Black "sanjesh_ananda"]
[Result "1-0"]
[WhiteElo "1413"]
[BlackElo "1266"]
[TimeControl "300"]
[EndTime "3:25:11 PDT"]
[Termination "f4nomore won on time"]

1. e4 e5 2. Nf3 Nf6 3. d3 Nc6 4. Be2 Be7 5. O-O O-O 6. b3 d5 7. exd5 Nxd5 8. Bb2 Bf6 9. c4 Nf4 10. Nbd2 Nxe2+ 11. Qxe2 Bg4 12. Ne4 Nd4 13. Bxd4 exd4 14.
h3 Bh5 15. g4 Bg6 16. g5 Be7 17. h4 Bh5 18. Kg2 Qd7 19. Ng3 Qg4 20. Qe4 Qxe4 21. Nxe4 Bd6 22. Nxd4 Rfe8 23. Nf5 Be5 24. Rae1 Bg6 25.
Nfg3 Rad8 26. Re3 1-0

[Event "Live Chess"]
[Site "Chess.com"]
[Date "2023.05.21"]
[Round "-"]
[White "nigelst"]
[Black "Bunny55"]
[Result "1-0"]
[WhiteElo "1711"]
[BlackElo "945"]
[TimeControl "300"]
[EndTime "3:25:34 PDT"]
[Termination "nigelst won by resignation"]

1. e4 c5 2. Nf3 d6 3. Bb5+ Nd7 4.
c3 a6 5. Ba4 b5 6. Bc2 g6 7. O-O Bg7 8. d4 cxd4 9. cxd4 e6 10.
Nc3 Ne7 11. Bg5 O-O 12. Qd2 Nf6 13.
Rad1 b4 14. Ne2 Bb7 15. e5 Bxf3 16. exf6 Bxe2 17. fxe7 Qb6 18. exf8=Q+ Rxf8 19. Qxe2 Bxd4 20. Be3 1-0

[Event "Live Chess"]
[Site "Chess.com"]
[Date "2023.05.21"]
[Round "-"]
[White "wot-not"]
[Black "Shepherds_Pie"]
[Result "1-0"]
[WhiteElo "1557"]
[BlackElo "1936"]
[TimeControl "300"]
[EndTime "3:25:43 PDT"]
[Termination "wot-not won by checkmate"]

1. d4 d5 2. c4 e6 3. Nc3 c5 4. e3 Nf6 5. Nf3 Nc6 6. cxd5 Nxd5 7. Bb5 a6 8. Bxc6+ bxc6 9. O-O Be7 10. dxc5 Bxc5 11. Nxd5 cxd5 12. Bd2 O-O 13. Bc3 Qe7 14. a3 Re8 15. Ne5 Bb7 16. Qg4 f6 17. Nd3 Bd6 18. Rac1 e5 19. Bb4 Bc8 20. Bxd6 Qxd6 21.
Qb4 Qe6 22. Rc7 a5 23. Qb3 Qd6 24. Rfc1 Be6 25. Qb7 Qf8 26. Nc5 Bf5 27. h3 Rab8 28. Qa7 Rxb2 29. Nd7 Bxd7 30. Rxd7 Reb8 31. Rcc7 Rb1+ 32.
Kh2 R1b7 33. Rxb7 Rxb7 34. Qxb7 h5 35. Rc7 Kh7 36. Qxd5 Kh6 37. Qf7 Qh8 38. Ra7 Qh7 39.
Rxa5 Qf5 40. Ra7 Qg5 41. a4 h4 42. a5 e4 43. Qxg7+ Qxg7 44. Rxg7 Kxg7 45. a6 Kg6 46. a7 Kf5 47. a8=Q Ke5 48. Qc6 Kf5 49. Qd5+ Kg6 50. Qxe4+ f5 51. Qxh4 Kf7 52. Qf4 Ke6 53.
h4 Kf6 54. h5 Kg7 55. Qxf5 Kh6 56. Qg6# 1-0

[Event "Live Chess"]
[Site "Chess.com"]
[Date "2023.05.21"]
[Round "-"]
[White "chessfiction"]
[Black "WombatIn_A_Box"]
[Result "1-0"]
[WhiteElo "2319"]
[BlackElo "570"]
[TimeControl "300"]
[EndTime "3:25:52 PDT"]
[Termination "chessfiction won by checkmate"]

1. e4 e5 2. Bc4 Nf6 3. Nf3 Nxe4 4.
Qe2 d5 5. Bb3 c6 6. Nxe5 Bd6 7.
d4 f6 8. Qh5+ g6 9. Nxg6 hxg6 10. Qxh8+ Kd7 11. Qxd8+ Kxd8 12. f3 Ng5 13. Bxg5 fxg5 14.
Nc3 g4 15. O-O gxf3 16. Rxf3 Bg4 17. Rf7 Nd7 18. Re1 Kc7 19. h3 Bf5 20. g4 Bd3 21.
cxd3 Kb6 22. Rxd7 Rf8 23. Rxd6 a5 24. Nxd5+ Kb5 25. Bc4+ Ka4 26. Nc3+ Kb4 27. a3# 1-0

[Event "Live Chess"]
[Site "Chess.com"]
[Date "2023.05.21"]
[Round "-"]
[White "KeithArkell"]
[Black "chessleanstrategist"]
[Result "1-0"]
[WhiteElo "2496"]
[BlackElo "430"]
[TimeControl "300"]
[EndTime "3:26:02 PDT"]
[Termination "KeithArkell won by resignation"]

1. d4 Nf6 2. Nf3 g6 3. c4 d5 4.
cxd5 Nxd5 5. Nc3 Nxc3 6. bxc3 Bg7 7. g3 O-O 8. Bg2 Nc6 9. O-O b6 10. Ne5 Nxe5 11. Bxa8 Bd7 12. Bg2 c5 13. dxe5 Bxe5 14. Bh6 Re8 15. Rc1 Bg7 16. Bxg7 Kxg7 17. Qd3 e5 18. Rfd1 Bf5 19. Qxd8 Rxd8 20. Rxd8 1-0

[Event "Live Chess"]
[Site "Chess.com"]
[Date "2023.05.21"]
[Round "-"]
[White "toxic_rabbit"]
[Black "omisoc"]
[Result "0-1"]
[WhiteElo "1979"]
[BlackElo "2175"]
[TimeControl "300"]
[EndTime "3:26:08 PDT"]
[Termination "omisoc won by resignation"]

1. e4 c5 2. c3 Nf6 3. e5 Nd5 4. d4 cxd4 5. cxd4 d6 6. exd6 Qxd6 7. Nf3 Nc6 8. Be2 g6 9. Nc3 Bg7 10. O-O O-O 11. Bc4 Be6 12. Qb3 Nxc3 13. bxc3 Na5 14. Bxe6 Nxb3 15. Bxb3 Rac8 16. Bd2 e5 17. Rad1 exd4 18.
cxd4 b5 19. g3 h6 20. Bf4 Qc6 21. d5 Qc3 22. Kg2 a5 23. Bd2 Qc7 24. Bf4 Qd7 25.
d6 a4 26. Bd5 Rfe8 27. Rfe1 g5 28. Ne5 Bxe5 29. Bxe5 Rc2 30. h3 Qf5 31. Bf3 Rd8 32. g4 Qc8 33. Bf6 Qc5 34. Re3 Qxe3 0-1

[Event "Live Chess"]
[Site "Chess.com"]
[Date "2023.05.21"]
[Round "-"]
[White "OleksiyJr1"]
[Black "JoshMcK"]
[Result "1-0"]
[WhiteElo "977"]
[BlackElo "1506"]
[TimeControl "300"]
[EndTime "3:26:16 PDT"]
[Termination "OleksiyJr1 won by resignation"]

1. e4 d6 2. Nf3 Nf6 3. Nc3 g6 4. d3 Bg7 5. Bg5 O-O 6. Be2 c5 7. O-O Nc6 8. a3 a6 9. Bxf6 Bxf6 10. Nd5 Bg7 11. b4 Bxa1 12. Qxa1 cxb4 13. axb4 e5 14. b5 Ne7 15. bxa6 Rxa6 16. Nxe7+ Qxe7 17. Qc3 Be6 18. d4 Rc6 19. Qb4 exd4 20. Nxd4 Rc7 21. Nxe6 Qxe6 22. Bd3 Rfc8 23. Ra1 Qe5 24. Ra7 Qd4 25. Qxd4 1-0

[Event "Live Chess"]
[Site "Chess.com"]
[Date "2023.05.21"]
[Round "-"]
[White "RichardABates"]
[Black "JanMur7"]
[Result "0-1"]
[WhiteElo "2124"]
[BlackElo "1967"]
[TimeControl "300"]
[EndTime "3:26:24 PDT"]
[Termination "JanMur7 won - game abandoned"]

1. d4 Nf6 2. Nf3 e6 3. c4 Be7 4.
Nc3 d5 5. cxd5 exd5 6. Bg5 h6 7. Bxf6 Bxf6 8. e3 O-O 9. Bd3 b6 10. O-O Bb7 11. Qc2 Nd7 12. b4 c5 13. bxc5 bxc5 14.
Bf5 cxd4 15. exd4 Nb6 16. Rfe1 Re8 17. Qd3 Rxe1+ 18. Rxe1 Qf8 0-1

[Event "Live Chess"]
[Site "Chess.com"]
[Date "2023.05.21"]
[Round "-"]
[White "Sweet-O"]
[Black "JohanKjeldahl"]
[Result "0-1"]
[WhiteElo "1422"]
[BlackElo "1893"]
[TimeControl "300"]
[EndTime "3:26:29 PDT"]
[Termination "JohanKjeldahl won by resignation"]

1. d4 Nf6 2. Nc3 c5 3. d5 d6 4. Bf4 g6 5. e4 Nbd7 6. Bb5 a6 7.
Ba4 b5 8. Nxb5 axb5 9. Bxb5 Qa5+ 10. Qd2 Qxb5 11. Nf3 Nxe4 12. Qe3 Ndf6 0-1

[Event "Live Chess"]
[Site "Chess.com"]
[Date "2023.05.21"]
[Round "-"]
[White "Abde2012"]
[Black "Tushinskiy"]
[Result "0-1"]
[WhiteElo "738"]
[BlackElo "2187"]
[TimeControl "300"]
[EndTime "3:26:35 PDT"]
[Termination "Tushinskiy won by resignation"]

1. d4 e5 2. dxe5 d6 3. exd6 Bxd6 4. Nc3 Nf6 5. Bg5 Nc6 6. Nf3 Bg4 7. e3 Qe7 8. Be2 O-O-O 9. O-O Bxh2+ 10. Kxh2 Rxd1 11.
Rfxd1 Bxf3 12. Bxf3 h6 13. Bxf6 Qxf6 14. Rd3 Rd8 15. Rxd8+ Nxd8 16. Bg4+ Ne6 17. f3 Qe5+ 18. g3 Qxe3 19. Nd5 Qd2+ 20. Kh3 Qxd5 0-1

[Event "Live Chess"]
[Site "Chess.com"]
[Date "2023.05.21"]
[Round "-"]
[White "Ferrarifan27"]
[Black "Mugzwang"]
[Result "1-0"]
[WhiteElo "2107"]
[BlackElo "1562"]
[TimeControl "300"]
[EndTime "3:26:37 PDT"]
[Termination "Ferrarifan27 won on time"]

1. e4 e6 2. d4 d5 3. e5 c5 4. c3 Nc6 5. Nf3 Qb6 6. a3 cxd4 7. cxd4 Nge7 8. Nc3 Nf5 9. Na4 Qa5+ 10.
Bd2 Qc7 11. Bc3 Bd7 12. Bd3 Be7 13. O-O b6 14. Rc1 Rc8 15. Bxf5 exf5 16. Bd2 O-O 17.
b4 Qd8 18. Nc3 Be6 19. Be3 f4 20. Bxf4 a5 21. b5 Na7 22. a4 Ba3 23. Rc2 Bf5 24.
Ra2 Bb4 25. Ne2 Bg4 26. Qd3 Qd7 27. Ng5 Bf5 28. Qg3 h6 29. Nf3 Bg6 30. Nh4 Be7 31.
Nxg6 fxg6 32. Qxg6 Rce8 33. Bxh6 1-0

[Event "Live Chess"]
[Site "Chess.com"]
[Date "2023.05.21"]
[Round "-"]
[White "raminguy"]
[Black "CeladonFish"]
[Result "1-0"]
[WhiteElo "1953"]
[BlackElo "1091"]
[TimeControl "300"]
[EndTime "3:26:44 PDT"]
[Termination "raminguy won by resignation"]

1. d4 Nf6 2. Nc3 g6 3. Bf4 Bg7 4. Qd2 O-O 5. Bh6 d5 6. h4 Ne4 7.
Nxe4 dxe4 8. c3 c6 9. h5 Qb6 10. hxg6 fxg6 11. Bxg7 Kxg7 12. Qh6+ Kf7 13. Qxh7+ Ke8 14.
Qxg6+ Kd8 15. O-O-O a5 16. d5 cxd5 17. Qxb6+ Ke8 18.
g4 1-0

[Event "Live Chess"]
[Site "Chess.com"]
[Date "2023.05.21"]
[Round "-"]
[White "Reggie016"]
[Black "manthanit"]
[Result "0-1"]
[WhiteElo "1118"]
[BlackElo "1090"]
[TimeControl "300"]
[EndTime "3:26:54 PDT"]
[Termination "manthanit won by resignation"]

1. e4 e6 2. d4 d6 3. Nc3 b6 4. f4 Bb7 5. Bd3 Nd7 6. Nf3 g6 7.
Be3 Bg7 8. Qe2 Ne7 9. O-O-O h6 10. g4 a6 11. h4 d5 12. exd5 Nxd5 13. Nxd5 Bxd5 14. f5 Qe7 15. fxg6 fxg6 16. Bxg6+ Kd8 17. Bf4 Kc8 18. Rhe1 Kb7 19. Kb1 Rac8 20. Ne5 Nxe5 21. Bxe5 Bxe5 22. dxe5 Rhf8 23. Be4 Bxe4 24. Qxe4+ Kb8 25.
Qe3 Qxh4 26. Rh1 Qxg4 27. Qxh6 Rcd8 28. Rxd8+ Rxd8 29. Qe3 Rd1+ 0-1

[Event "Live Chess"]
[Site "Chess.com"]
[Date "2023.05.21"]
[Round "-"]
[White "HoarseyHorsey"]
[Black "Outspanner"]
[Result "1-0"]
[WhiteElo "1453"]
[BlackElo "1511"]
[TimeControl "300"]
[EndTime "3:26:56 PDT"]
[Termination "HoarseyHorsey won on time"]

1. d4 Nf6 2. c4 e5 3. dxe5 Ng4 4. Nf3 Bc5 5. e3 Nc6 6. Be2 Ngxe5 7. O-O O-O 8. Nc3 Qf6 9. a3 a5 10. b3 Qg6 11.
Nxe5 Nxe5 12. Bb2 d6 13. Nd5 Kh8 14. Nxc7 Rb8 15. Nd5 Re8 16. Nf4 Qg5 17. Bf3 Ng6 18. Nxg6+ Qxg6 19. Bd5 Be6 20. Qf3 Bxd5 21. Qxd5 Re4 22.
Rad1 Rg4 23. Bd4 Rg5 24. Qf3 Rf5 25. Qe4 Bxd4 26. Rxd4 Qg5 27. Rxd6 Re5 28. Qd4 Rbe8 29. Rd1 Rf5 30. Rd8 1-0

[Event "Live Chess"]
[Site "Chess.com"]
[Date "2023.05.21"]
[Round "-"]
[White "ranvir123"]
[Black "matt1979"]
[Result "0-1"]
[WhiteElo "959"]
[BlackElo "1550"]
[TimeControl "300"]
[EndTime "3:26:56 PDT"]
[Termination "matt1979 won by checkmate"]

1. e4 c5 2. Nc3 Nc6 3. Nf3 e5 4. Bb5 d6 5. O-O Bg4 6. h3 Bh5 7. Bxc6+ bxc6 8. d3 Nf6 9. Bg5 Be7 10. a4 O-O 11. a5 h6 12. Bh4 Nd7 13. Bxe7 Qxe7 14. Na4 Bg6 15. Qd2 f5 16. exf5 Bxf5 17. c3 Bxh3 18.
gxh3 Rxf3 19. Rae1 Rxh3 20. f4 Qh4 21. fxe5 Rh1+ 22.
Kg2 Rh2+ 23. Kf3 Rxd2 24. Ke3 Qg5+ 25. Ke4 d5+ 26. Kf3 Qf5+ 27. Ke3 Qg5+ 28. Kf3 Nxe5+ 29. Rxe5 Qxe5 30. Nxc5 Rf8+ 31. Kg4 Rg2+ 32. Kh3 Qh2# 0-1

[Event "Live Chess"]
[Site "Chess.com"]
[Date "2023.05.21"]
[Round "-"]
[White "McSlash1"]
[Black "Vitalii18a"]
[Result "1-0"]
[WhiteElo "2021"]
[BlackElo "1115"]
[TimeControl "300"]
[EndTime "3:26:58 PDT"]
[Termination "McSlash1 won on time"]

1. e4 e5 2. Nf3 d6 3. d4 exd4 4. Nxd4 Be7 5. Nc3 c6 6. Bd3 Nf6 7. f4 O-O 8. Qf3 h6 9. O-O Nbd7 10. h3 Nc5 11. Be2 Re8 12. Be3 Bf8 13. e5 dxe5 14. fxe5 Rxe5 15. Rad1 Qe7 16. Bf4 Rxe2 17. Ndxe2 Bf5 18.
Bd6 Be4 19. Qf2 Qxd6 20. Rxd6 Bxd6 21. Nxe4 Ncxe4 22. Qd4 b6 23. b4 Re8 24. Rxf6 gxf6 25. Nc3 Nxc3 26. Qxd6 Nxa2 27. Qxc6 Re1+ 28. Kh2 Nxb4 29.
Qc8+ Kh7 30. Qc3 Nd5 31. Qxe1 Nf4 32. Qe4+ Ng6 33. h4 Kg7 34. h5 Ne5 35. Qb7 Ng4+ 36.
Kg3 Ne5 37. Qxa7 b5 38. Qb6 b4 39. Qxb4 Nc6 40. Qg4+ 1-0

[Event "Live Chess"]
[Site "Chess.com"]
[Date "2023.05.21"]
[Round "-"]
[White "Rusty_Bridges"]
[Black "Dhaydon19"]
[Result "0-1"]
[WhiteElo "1511"]
[BlackElo "2695"]
[TimeControl "300"]
[EndTime "3:27:19 PDT"]
[Termination "Dhaydon19 won by resignation"]

1. e4 c5 2. Be2 d6 3. f4 Nc6 4.
Nf3 g6 5. O-O Bg7 6. d3 Nf6 7. Nc3 O-O 8. Be3 Ng4 9. Bf2 Nxf2 10. Kxf2 e5 11. fxe5 Nxe5 12. Nxe5 Qh4+ 13. Kg1 Bxe5 14.
g3 Bd4+ 15. Kh1 Qh6 16. Nd5 Bxb2 17. Rb1 Be5 18. Ne7+ Kh8 19. Nxc8 Bxg3 0-1

[Event "Live Chess"]
[Site "Chess.com"]
[Date "2023.05.21"]
[Round "-"]
[White "domrobson"]
[Black "Bunny55"]
[Result "1-0"]
[WhiteElo "1699"]
[BlackElo "945"]
[TimeControl "300"]
[EndTime "3:27:21 PDT"]
[Termination "domrobson won by resignation"]

1. d4 Nf6 2. c4 g6 3. Nc3 Bg7 4. e4 d6 5. Be2 O-O 6. Be3 Nc6 7.
Qd2 e5 8. d5 Ne7 9. f3 Bd7 10.
g4 Rb8 11. h4 b6 12. h5 c6 13.
Bh6 cxd5 14. hxg6 Nxg6 15. Bxg7 Kxg7 16. Qh6+ Kg8 17. g5 1-0

[Event "Live Chess"]
[Site "Chess.com"]
[Date "2023.05.21"]
[Round "-"]
[White "NAZRIZ1977"]
[Black "diana21strabt"]
[Result "0-1"]
[WhiteElo "1955"]
[BlackElo "1747"]
[TimeControl "300"]
[EndTime "3:27:47 PDT"]
[Termination "diana21strabt won by resignation"]

1. c4 e5 2. g3 Nf6 3. Bg2 d5 4. cxd5 Nxd5 5. Nf3 Nc6 6. O-O Be7 7. d4 exd4 8. Nxd4 Nxd4 9. Qxd4 Nf6 10. Qxd8+ Bxd8 11. Nc3 c6 12. a4 Bf5 13. b4 Be7 14. b5 Bb4 15. bxc6 Bxc3 16. cxb7 Rb8 17. Ra3 Bb4 18. Rb3 Bd6 19. e4 Be6 20. Rd3 Ke7 21. Rxd6 Kxd6 22. Bf4+ Ke7 23. Bxb8 Rxb8 24. Rb1 Bd7 25. a5 a6 26. e5 Ne8 27. Rb6 Nc7 28. Bf1 f6 29. exf6+ gxf6 30. f4 Be6 31. Bg2 Bd5 32. Kf2 Bxg2 33. Kxg2 Ne6 34. Rxa6 Rxb7 35. Ra8 Nc7 36. a6 Rb2+ 37. Kh3 Nxa8 0-1

[Event "Live Chess"]
[Site "Chess.com"]
[Date "2023.05.21"]
[Round "-"]
[White "RoaringKnights"]
[Black "MJMykh"]
[Result "1-0"]
[WhiteElo "1074"]
[BlackElo "1159"]
[TimeControl "300"]
[EndTime "3:27:50 PDT"]
[Termination "RoaringKnights won by checkmate"]

1. e4 e5 2. Nf3 Nc6 3. Bc4 Bc5 4. d3 h6 5. O-O Nf6 6. Nc3 O-O 7. h3 d6 8. Re1 Bd7 9. Be3 Bb6 10. Bxb6 axb6 11. a3 Na5 12. Ba2 Nc6 13. b4 Qe7 14.
Bb3 Nd4 15. Nxd4 exd4 16. Nd5 Nxd5 17. Bxd5 c6 18. Bb3 Be6 19. e5 Bxb3 20. cxb3 dxe5 21. Qh5 Rfe8 22. f4 f6 23. fxe5 fxe5 24. Re2 Kh7 25.
Qf5+ g6 26. Qf3 Rf8 27. Qg3 Rfe8 28. Re4 Qf6 29. Rf1 Qg7 30. Rh4 g5 31. Rg4 Rxa3 32. Rf5 Rxb3 33. Rfxg5 hxg5 34. Rxg5 Qh6 35. Qg4 Rb1+ 36.
Kh2 Qxg5 37. Qxg5 Rxb4 38. Qh5+ Kg7 39. Qxe8 c5 40. Qd7+ Kf6 41. Qxb7 Kf5 42. Qf7+ Kg5 43. g3 Rb2+ 44. Kg1 Rb1+ 45. Kf2 Rb2+ 46. Kf3 b5 47. Qg7+ Kf5 48. g4+ Ke6 49. Qh6+ Kd5 50. Qf8 Rd2 51. Qe7 Rxd3+ 52. Kf2 Rxh3 53. Qd7+ Kc4 54. Qe6+ Kb4 55. Qxe5 Rc3 56. g5 Rc2+ 57. Kg3 Rc3+ 58. Kh4 d3 59. Qe4+ c4 60. g6 d2 61. Qe2 Rc2 62. g7 c3 63.
g8=Q Rc1 64. Qgg4+ Kb3 65. Qxb5+ Kc2 66. Qgf5+ Kd1 67.
Qbd3 c2 68. Qff1# 1-0

[Event "Live Chess"]
[Site "Chess.com"]
[Date "2023.05.21"]
[Round "-"]
[White "RockTroll"]
[Black "MMmaaxxxx"]
[Result "1-0"]
[WhiteElo "2234"]
[BlackElo "2016"]
[TimeControl "300"]
[EndTime "3:27:53 PDT"]
[Termination "RockTroll won by checkmate"]

1. Nf3 d5 2. g3 Nf6 3. Bg2 Bg4 4. d3 c5 5. O-O Nc6 6. Nc3 e5 7. h3 Be6 8. e4 d4 9. Ne2 Qd7 10. Ng5 Bd6 11. f4 h6 12. Nxe6 Qxe6 13. Bd2 O-O 14. f5 Qd7 15. g4 b5 16. Ng3 Ne8 17. h4 c4 18. g5 hxg5 19. hxg5 Nc7 20. Qh5 Rfe8 21. g6 f6 22. Qh7+ Kf8 23. Qh8+ Ke7 24. Qxg7+ Kd8 25. Qxf6+ Be7 26. Qg7 Qd6 27. f6 Bf8 28.
Qh7 Ne6 29. Nf5 Qc7 30. Qxc7+ Kxc7 31. g7 Bxg7 32. fxg7 Rg8 33. Bh6 Rad8 34. Bf3 Rd7 35. Bh5 Nxg7 36. Nxg7 Rdxg7+ 37. Bxg7 Rxg7+ 38. Kf2 Rh7 39. Rh1 c3 40. bxc3 dxc3 41. Rag1 b4 42. Bg6 Rd7 43. Rh7 Ne7 44. Bf5 Nxf5 45. Rxd7+ Kxd7 46. exf5 a5 47. Ke3 a4 48. Ke4 b3 49. axb3 axb3 50. cxb3 c2 51. Rc1 Ke7 52. Rxc2 Kf7 53. b4 Ke7 54. b5 Kf7 55. b6 Ke7 56. b7 Kf7 57.
b8=Q Ke7 58. Rc5 Kf6 59. Rxe5 Kg5 60. d4 Kg4 61. d5 Kg3 62. d6 Kf2 63. d7 Ke2 64. d8=Q Kf2 65. f6 Ke2 66. f7 Kf2 67. f8=Q+ Ke2 68. Qb2+ Ke1 69. Qdd2# 1-0

[Event "Live Chess"]
[Site "Chess.com"]
[Date "2023.05.21"]
[Round "-"]
[White "raminguy"]
[Black "Ferrarifan27"]
[Result "1-0"]
[WhiteElo "1964"]
[BlackElo "2096"]
[TimeControl "300"]
[EndTime "3:27:59 PDT"]
[Termination "raminguy won by checkmate"]

1. d4 Nf6 2. Nc3 e6 3. e4 Bb4 4. e5 Nd5 5. Qg4 Nxc3 6. Qxg7 Rf8 7. a3 Ba5 8. b4 Bb6 9. Bg5 f6 10. Bxf6 Rxf6 11. exf6 Bxd4 12. Qg8# 1-0